 Dungeon Crawl Stone Soup version 0.22-a0-810-g93d1441 (webtiles) character file.

32 zishaf the Insei (level 3, -1/18 HPs)
             Began as a Vine Stalker Transmuter on July 23, 2018.
             Slain by a bullfrog (2 damage)
             ... on level 2 of the Dungeon.
             The game lasted 00:02:09 (1730 turns).

zishaf the Insei (Vine Stalker Transmuter)          Turns: 1730, Time: 00:02:10

Health: -1/18      AC: 10    Str: 13    XL:     3   Next: 25%
Magic:  0/7        EV:  3    Int: 13    God:
Gold:   53         SH:  0    Dex: 14    Spells: 3/6 levels left

rFire    . . .     SeeInvis .     - Unarmed
rCold    . . .     Gourm    .   (no shield)
rNeg     . . .     Faith    .   f - +0 plate armour
rPois    .         Spirit   +   (no helmet)
rElec    .         Reflect  .   (no cloak)
rCorr    .         Harm     .   (no gloves)
MR       .....                  (no boots)
Stlth    ..........             (no amulet)
HPRegen  0.06/turn              (no ring)
MPRegen  0.10/turn              (no ring)

@: no status effects
A: fangs 2, magic shield, antimagic bite, no potion heal 3, rot immunity
a: no special abilities


You were on level 2 of the Dungeon.
You were not hungry.

You visited 1 branch of the dungeon, and saw 2 of its levels.

You collected 53 gold pieces.

Inventory:

Missiles
 a - 17 arrows
Armour
 b - a +0 robe
 f - a +0 plate armour (worn)
Scrolls
 c - 3 scrolls of identify {unknown}
 e - a scroll of blinking {unknown}
 i - a scroll of remove curse {unknown}
 j - a scroll of fog {unknown}
Potions
 g - a potion of brilliance {unknown}
Comestibles
 d - 3 rations
 h - 2 chunks of flesh


   Skills:
 + Level 1.6 Fighting
 + Level 2.1 Dodging
 - Level 3.0 Unarmed Combat
 - Level 2.1 Spellcasting
 + Level 2.6 Transmutations


You had 3 spell levels left.
You knew the following spells:

 Your Spells              Type           Power        Failure   Level  Hunger
a - Beastly Appendage     Tmut           #.....       100%        1    ##.....
b - Sticks to Snakes      Tmut           #.......     100%        2    ###....

Your spell library contained the following spells:

 Spells                   Type           Power        Failure   Level  Hunger
 Spider Form              Tmut/Pois      #.........   100%        3    ####...
 Blade Hands              Tmut           #.........   100%        5    ######.
 Ice Form                 Ice/Tmut       #.......     100%        4    #####..


Dungeon Overview and Level Annotations

Branches:
Dungeon (2/15)

Altars:


Innate Abilities, Weirdness & Mutations

You have extremely sharp teeth.
When hurt, damage is shared between your health and your magic reserves.
Your bite disrupts and absorbs the magic of your enemies.
Potions cannot restore your health.
You are immune to rotting.


Message History

The bullfrog hits you but does no damage.
The bullfrog hits you.
* * * LOW HITPOINT WARNING * * *
You hit the bullfrog but do no damage. Your bite misses the bullfrog.
The bullfrog is almost dead.
The bullfrog hits you.
* * * LOW HITPOINT WARNING * * *
You closely miss the bullfrog.
You bite the bullfrog, but do no damage.
The bullfrog is almost dead.
The bullfrog hits you. x2
* * * LOW HITPOINT WARNING * * *
You closely miss the bullfrog.
You bite the bullfrog, but do no damage.
The bullfrog is almost dead.
The bullfrog hits you but does no damage.
The bullfrog hits you but does no damage.
The bullfrog hits you but does no damage.
The bullfrog hits you.
You die...

#.# #.#
#.###############
................###
#..############.#..
#.## #.#.# #.#
#.#.# #.##########
#.#.#####
...........#
#.@F....#
...#.#####.#
###.###.# ...#.#
#.# #.# #.# ..##>#
#.# #.# #.# .....#
#.# #.# #.#
#.########.# #.#
#.# #.####.....#
#.# #.#
.........### #.#
#.#
#.####...########.#
#..


You could see a bullfrog.

Vanquished Creatures
  A worm (D:2)
  2 dart slugs (D:1)
  4 jackals (D:1)
  A ball python (D:2)
  3 bats (D:1)
  5 goblins (D:1)
  5 kobolds (D:1)
  3 rats (D:1)
24 creatures vanquished.

Vanquished Creatures (collateral kills)
  A kobold (D:1)
1 creature vanquished.

Grand Total: 25 creatures vanquished

Notes
Turn   | Place    | Note
-------+----------+-------------------------------------------
     0 | D:1      | zishaf the Vine Stalker Transmuter began the quest for the Orb.
     0 | D:1      | Reached XP level 1. HP: 9/9 MP: 4/4
   122 | D:1      | Reached skill level 1 in Fighting
   434 | D:1      | Reached XP level 2. HP: 14/14 MP: 4/6
   581 | D:1      | Learned a level 2 spell: Sticks to Snakes
  1212 | D:1      | Reached XP level 3. HP: 18/18 MP: 7/7
  1704 | D:2      | Noticed a bullfrog
  1730 | D:2      | Slain by a bullfrog

Vault maps used:
D:1:      onia_arrival_pyramid
D:2:      nicolae_ru_sacrificial_ziggurat, uniq_sigmund

Skill      XL: |  1  2 |
---------------+-------+-----
Fighting       | 1 |  1.6
Dodging        | 2 |  2.1
Unarmed Combat | |  3.0
Spellcasting   | |  2.1
Transmutations | |  2.6

Action                   || total
-------------------------++-------
Melee: Unarmed           ||   118
       Bite              ||    25
       Kick              ||     1
       Punch             ||     1
 Cast: Sticks to Snakes  ||     2
       Beastly Appendage ||     1
  Eat: Chunk             ||     3
Armor: Robe              ||     7
       Plate armour      ||    63
Dodge: Dodged            ||    42

Table legend:
 A = Spawn XP
 B = Non-spawn XP
 C = Spawn XP percentage of total XP
 D = Spawn monster count
 E = Non-spawn monster count
 F = Spawn count percentage of total count
 G = Total turns spent on level
                    A         B        C        D         E        F      G
               +---------+---------+-------+---------+---------+-------+---------
         Total |       0 |      46 |   0.0 |       0 |      25 |   0.0 |  1730
               +---------+---------+-------+---------+---------+-------+---------
           D:1 |       0 |      40 |   0.0 |       0 |      23 |   0.0 |  1486
           D:2 |       0 |       6 |   0.0 |       0 |       2 |   0.0 |   244
               +---------+---------+-------+---------+---------+-------+---------
